Map: Beckett Industries LE

Players

oOMeomaikAOo (MeomaikA)

  • Race: Zerg Zerg
  • League: Grandmaster

Seither - Winner!

  • Race: Terran Terran
  • League: Grandmaster

Event: DreamHack SC2 Masters 2021 Summer

VOD

Have the link to the VOD?

Description

Time

  • Played on: May 19, 2021, 7:25 a.m.
  • Length: 20:04

All games in this series

Show
View Real Time Build Order
Export as new Build Order

oOMeomaikAOo Zerg 

Build Orders: Pool First, Muta Ling Bane 

Get SALT Encoding   

  12  0:00  Drone  
  13  0:08  Drone  
  14  0:16  Overlord  
  14  0:23  Extractor, Drone  
  15  0:34  Drone x2  
  17  0:44  Spawning Pool  
  17  0:47  Drone  
  17  1:07  Hatchery  
  17  1:11  Drone  
  17  1:12  Extractor  
  17  1:16  Drone  
  17  1:19  Drone  
  18  1:30  Queen  
  18  1:32  Zergling x2  
  21  1:37  Drone  
  22  1:48  Overlord  
  22  2:06  Drone  
  22  2:08  Queen  
  25  2:10  Drone  
  25  2:12  Metabolic Boost  
  26  2:19  Drone, Queen  
  26  2:22  Drone  
  30  2:30  Drone  
  30  2:31  Drone  
  32  2:39  Drone x3  
  32  2:41  Drone  
  36  2:47  Overlord  
  36  3:01  Hatchery  
  36  3:04  Drone  
  36  3:06  Drone  
  36  3:08  Drone  
  36  3:11  Drone  
  39  3:13  Overlord  
  39  3:16  Drone  
  39  3:18  Drone  
  41  3:25  Spore Crawler  
  41  3:27  Drone x3  
  41  3:32  Overlord  
  44  3:37  Evolution Chamber  
  44  3:38  Drone x2  
  44  3:39  Evolution Chamber  
  44  3:43  Drone x3  
  47  3:51  Zergling x4, Baneling Nest  
  48  3:57  Zergling x6  
  48  4:01  Queen  
  48  4:02  Zergling x2  
  54  4:04  Zergling x2  
  54  4:08  Zergling x4  
  54  4:09  Zergling x2  
  58  4:15  Queen  
  60  4:18  Drone x3  
  62  4:26  Zerg Ground Armor Level 1, Zerg Melee Weapons Level 1  
  62  4:29  Drone x2  
  64  4:34  Drone x2  
  64  4:36  Overlord  
  64  4:38  Spore Crawler  
  64  4:40  Drone, Spore Crawler  
  64  4:41  Drone  
  64  4:45  Spore Crawler  
  64  4:46  Drone  
  64  4:48  Overlord  
  65  4:54  Lair  
  65  4:58  Drone x2  
  67  5:00  Extractor x2  
  67  5:01  Drone  
  67  5:02  Drone x2  
  67  5:03  Drone  
  67  5:04  Drone  
  67  5:05  Drone  
  71  5:08  Drone  
  71  5:12  Drone  
  71  5:13  Drone, Queen  
  76  5:23  Drone x2, Overlord  
  76  5:24  Drone, Overlord  
  76  5:26  Zergling x2  
  76  5:27  Overlord  
  76  5:28  Drone  
  81  5:29  Overlord  
  81  5:42  Zergling x8  
  85  5:44  Hatchery  
  85  5:45  Queen  
  86  5:50  Spore Crawler  
  86  5:51  Spore Crawler  
  86  5:53  Spore Crawler  
  86  5:54  Zergling x2  
  86  5:56  Spore Crawler  
  83  6:00  Drone, Spire  
  83  6:04  Zergling x6  
  83  6:07  Zergling x2  
  83  6:08  Zergling x4  
  83  6:11  Zergling x4  
  87  6:21  Zergling x2  
  87  6:22  Zergling x12  
  91  6:26  Baneling x6  
  91  6:28  Drone x2  
  91  6:31  Drone  
  94  6:33  Drone x2  
  94  6:36  Drone x2  
  94  6:37  Drone  
  99  6:42  Zergling x2  
  99  6:44  Zergling x2  
  101  6:52  Zerg Ground Armor Level 2, Zerg Melee Weapons Level 2  
  96  6:54  Drone x3  
  96  6:58  Drone x3  
  96  6:59  Extractor  
  96  7:00  Zergling x2  
  101  7:02  Zergling x4  
  101  7:05  Zergling x2  
  101  7:06  Zergling x4  
  106  7:08  Drone  
  90  7:28  Drone x8  
  90  7:30  Spore Crawler  
  90  7:31  Drone x3  
  90  7:32  Queen  
  90  7:34  Queen  
  96  7:40  Overlord  
  96  7:41  Overlord  
  96  7:42  Drone  
  96  7:43  Overlord  
  96  7:50  Queen  
  96  7:51  Queen  
  96  7:52  Zergling x4  
  98  8:00  Zergling x8  
  98  8:01  Zergling x2  
  98  8:03  Hatchery  
  100  8:09  Zerg Flyer Weapons Level 1  
  100  8:10  Drone x4  
  104  8:14  Mutalisk x4  
  104  8:17  Baneling x10  
  104  8:19  Centrifical Hooks  
  112  8:22  Drone  
  112  8:24  Extractor  
  112  8:25  Drone x3  
  115  8:27  Drone x2  
  115  8:30  Extractor  
  116  8:36  Corruptor  
  116  8:38  Zergling x6  
  116  8:40  Drone  
  122  8:41  Extractor  
  122  8:42  Overlord  
  122  8:45  Drone x2  
  122  8:48  Mutalisk x2  
  123  8:52  Drone x2  
  123  8:54  Zergling x2  
  130  8:57  Mutalisk  
  130  8:59  Overlord  
  130  9:00  Zergling x2  
  130  9:01  Zergling x10  
  138  9:04  Mutalisk  
  138  9:09  Mutalisk  
  142  9:10  Zergling x2  
  142  9:19  Mutalisk x2  
  142  9:20  Zergling x4  
  142  9:22  Zergling x8  
  151  9:26  Mutalisk  
  151  9:27  Hatchery  
  151  9:28  Zergling x4  
  151  9:30  Queen  
  151  9:31  Overlord x2  
  155  9:40  Mutalisk x2  
  155  9:42  Overlord x2  
  155  9:44  Overlord  
  156  9:46  Baneling x2  
  156  9:47  Baneling x6, Zergling x2, Overlord  
  156  9:52  Overlord  
  157  9:53  Zergling x10  
  157  9:59  Baneling x10  
  162  10:03  Mutalisk  
  162  10:07  Zergling x12  
  162  10:09  Zergling x4  
  162  10:10  Zergling x2  
  162  10:11  Zergling x2  
  162  10:12  Zergling x2  
  162  10:13  Zergling x2  
  147  10:22  Mutalisk  
  147  10:23  Mutalisk  
  147  10:25  Mutalisk x2  
  147  10:26  Zergling x10  
  147  10:28  Drone  
  150  10:29  Drone  
  150  10:33  Overseer  
  150  10:34  Drone  
  150  10:35  Drone  
  153  10:37  Infestation Pit  
  153  10:39  Drone x4  
  153  10:40  Drone x2  
  158  10:43  Drone  
  158  10:47  Zergling x2  
  158  10:48  Zergling x6  
  158  10:49  Drone x2  
  165  10:50  Drone  
  165  10:51  Drone, Overlord  
  165  10:54  Drone  
  165  10:55  Drone  
  169  11:01  Mutalisk x3  
  169  11:02  Zergling x2  
  174  11:05  Zergling x2  
  174  11:06  Zergling x6  
  174  11:07  Baneling x6  
  174  11:08  Zergling x2  
  174  11:09  Zergling x2  
  174  11:10  Zergling x2  
  181  11:11  Drone  
  181  11:12  Drone  
  181  11:13  Drone  
  181  11:15  Overlord  
  176  11:19  Baneling  
  176  11:20  Baneling x11  
  176  11:23  Zergling x8  
  176  11:25  Zergling x4  
  182  11:26  Zergling x2  
  182  11:28  Zergling x2  
  184  11:35  Zergling x8  
  184  11:36  Zergling x6  
  191  11:41  Extractor  
  191  11:43  Hive  
  190  11:47  Drone x3  
  190  11:48  Extractor, Drone x3  
  195  11:56  Overlord  
  193  12:01  Pneumatized Carapace  
  193  12:06  Zergling x14  
  198  12:24  Drone  
  198  12:25  Drone  
  200  12:46  Spore Crawler  
  200  12:47  Spore Crawler  
  200  12:48  Drone x2  
  199  13:03  Zerg Melee Weapons Level 3, Zerg Ground Armor Level 3  
  199  13:04  Adrenal Glands  
  197  13:05  Ultralisk Cavern  
  196  13:23  Baneling x18  
  196  13:32  Extractor  
  195  13:37  Hatchery  
  195  13:38  Baneling  
  191  13:52  Baneling x33  
  191  13:53  Zergling x28  
  199  14:00  Zergling x8  
  183  14:16  Mutalisk x11  
  158  14:17  Zergling x16  
  158  14:18  Zergling x2  
  158  14:24  Baneling, Zergling x2  
  187  14:25  Baneling  
  187  14:26  Baneling x20  
  187  14:27  Zergling x2  
  187  14:28  Zergling x2  
  188  14:32  Zergling x10  
  188  14:33  Hatchery  
  188  14:35  Zerg Flyer Weapons Level 2  
  188  14:37  Baneling  
  188  14:38  Baneling x13, Zergling x2  
  192  14:39  Zergling x2  
  192  14:43  Zergling x12  
  200  14:50  Extractor  
  195  14:54  Zergling x2  
  195  14:55  Zergling x12  
  200  15:00  Baneling x2  
  200  15:01  Baneling x20  
  200  15:08  Zergling x4  
  200  15:15  Anabolic Synthesis  
  200  15:19  Zergling x2  
  187  15:32  Zergling x2  
  187  15:33  Zergling x36  
  151  15:38  Zergling x2  
  151  15:39  Zergling x8  
  151  15:41  Queen, Zergling x2  
  155  15:45  Zergling x16  
  155  15:48  Zergling x2  
  164  15:51  Ultralisk x2  
  164  15:56  Ultralisk  
  182  15:57  Ultralisk  
  182  15:59  Baneling x17  
  182  16:00  Baneling, Zergling x2  
  182  16:01  Zergling x4  
  188  16:05  Zergling x2  
  188  16:08  Zergling x6  
  188  16:09  Zergling x2  
  188  16:10  Baneling  
  188  16:11  Baneling x9, Zergling x6  
  193  16:12  Zergling x4  
  193  16:17  Zergling x2  
  195  16:18  Zergling x4  
  195  16:19  Zergling x4  
  195  16:20  Zergling x2  
  196  16:26  Zergling x6  
  196  16:29  Baneling x19  
  198  16:34  Zergling x2  
  198  16:35  Zergling x4  
  198  16:36  Zergling x4  
  197  16:42  Zergling x2  
  197  16:45  Zergling x2  
  197  16:46  Zergling x20  
  200  16:49  Zergling x2  
  200  16:50  Zergling x2  
  200  16:52  Zergling x14  
  180  16:54  Zergling x2  
  180  16:55  Zergling x2  
  180  16:56  Zergling x2  
  180  17:00  Ultralisk x2  
  180  17:01  Hatchery  
  187  17:03  Baneling x10  
  187  17:04  Zergling x4  
  187  17:05  Zergling x2  
  187  17:06  Zergling x4  
  187  17:08  Zergling x4  
  192  17:13  Zergling x4  
  192  17:14  Zergling x2  
  192  17:15  Zergling x14  
  169  17:17  Zergling x2  
  169  17:18  Zergling x2  
  169  17:19  Overlord  
  169  17:22  Ultralisk  
  167  17:25  Infestor  
  169  17:30  Zergling x4  
  169  17:31  Zergling x2  
  169  17:33  Baneling x11  
  169  17:35  Zergling x4  
  174  17:40  Zergling x6  
  174  17:41  Zergling x2  
  174  17:43  Zergling x2  
  178  17:45  Zergling x4  
  178  17:47  Zergling x4  
  178  17:50  Zergling x4  
  156  17:57  Overseer  
  156  18:03  Infestor x4  
  156  18:04  Overseer  
  156  18:05  Overseer  
  155  18:20  Zergling x2  
  155  18:21  Zergling x24  
  155  18:23  Zergling x2  
  155  18:24  Zergling x2  
  155  18:25  Baneling  
  167  18:27  Zergling x6  
  167  18:30  Zergling x2  
  166  18:53  Ultralisk x3  
  166  18:54  Zergling x14  
  191  19:01  Baneling x7  
  191  19:02  Baneling x6  
  180  19:15  Zergling x22  
  165  19:22  Zergling x2  
  165  19:23  Zergling x8  
  164  19:29  Zergling x2  
  164  19:30  Zergling x10  
Show
View Real Time Build Order
Export as new Build Order

Seither Terran - Winner!

Build Orders:  

Get SALT Encoding   

  12  0:00  SCV  
  13  0:12  SCV  
  14  0:17  Supply Depot  
  14  0:24  SCV  
  15  0:39  SCV  
  15  0:40  Barracks  
  16  0:44  Refinery  
  16  0:51  SCV  
  17  1:03  SCV  
  18  1:15  SCV  
  19  1:27  Marine  
  19  1:28  Orbital Command  
  20  1:40  Command Center  
  20  1:52  Factory  
  20  1:58  SCV  
  20  2:01  Marine  
  22  2:05  Supply Depot  
  22  2:16  SCV, Bunker  
  22  2:21  Barracks Reactor  
  23  2:25  Refinery  
  23  2:28  SCV  
  24  2:38  Hellion  
  24  2:40  SCV  
  27  2:48  Starport  
  26  2:53  SCV  
  26  2:58  Orbital Command  
  27  3:05  SCV  
  28  3:08  Hellion  
  30  3:13  Hellion  
  30  3:17  SCV  
  31  3:30  Fusion Core  
  31  3:31  SCV x2  
  31  3:33  Starport Tech Lab  
  33  3:41  Hellion x2  
  37  3:44  SCV  
  37  3:45  SCV  
  39  3:51  Supply Depot  
  39  4:00  SCV x2  
  41  4:05  Barracks Tech Lab, Supply Depot  
  41  4:12  SCV x2  
  43  4:20  Battlecruiser  
  49  4:27  SCV x2, Supply Depot  
  47  4:40  Command Center  
  47  4:43  SCV x2  
  47  4:45  Stimpack  
  49  4:46  Marine  
  50  4:58  Factory Reactor  
  50  4:59  SCV  
  52  5:00  SCV, Barracks  
  52  5:02  Barracks  
  52  5:04  Supply Depot  
  52  5:09  Marine  
  52  5:11  SCV  
  52  5:12  SCV  
  55  5:17  Engineering Bay  
  55  5:19  Engineering Bay  
  55  5:24  SCV x2  
  53  5:29  Marine  
  53  5:33  Refinery  
  53  5:34  Refinery  
  54  5:36  SCV x2  
  54  5:40  Starport Reactor  
  56  5:46  Terran Infantry Armor Level 1, Terran Infantry Weapons Level 1  
  56  5:48  SCV x2  
  58  5:53  Orbital Command  
  58  5:55  Marine  
  58  5:56  Marine x2, Siege Tank  
  64  6:00  SCV x2  
  64  6:01  Marine  
  64  6:02  Marine  
  68  6:06  Barracks  
  68  6:08  Barracks  
  68  6:12  SCV x2  
  70  6:25  Marine x2  
  70  6:26  Orbital Command, Marine x3, Combat Shield  
  70  6:27  Medivac x2  
  70  6:31  SCV x2  
  81  6:37  Supply Depot  
  81  6:38  Supply Depot  
  81  6:42  Siege Tank  
  84  6:53  Marine x3  
  87  6:55  SCV x3  
  87  6:59  Barracks Reactor x2, Marine x2  
  92  7:06  Supply Depot x2  
  92  7:07  SCV x3  
  95  7:10  Medivac  
  95  7:11  Marine x3  
  93  7:17  Marine x2  
  83  7:24  SCV x2  
  83  7:25  SCV  
  83  7:29  Marine x3  
  82  7:30  Siege Tank  
  82  7:35  Marine x2  
  82  7:36  SCV x2  
  89  7:37  SCV  
  89  7:40  Marine  
  89  7:41  Marine x2  
  93  7:44  Supply Depot  
  93  7:46  Marine  
  93  7:47  Marine x2  
  93  7:48  SCV  
  97  7:53  Marine x3  
  97  7:55  Liberator, Medivac  
  105  7:58  Marine x2  
  105  8:01  SCV  
  105  8:02  SCV x2  
  105  8:04  Marine x3  
  113  8:08  Siege Tank, Supply Depot  
  113  8:11  Armory  
  116  8:16  SCV x3, Command Center  
  119  8:21  Marine x6  
  119  8:25  Supply Depot  
  125  8:29  Refinery  
  125  8:31  SCV x2  
  125  8:32  SCV, Marine  
  125  8:33  Marine x2, Supply Depot  
  131  8:36  Medivac  
  131  8:37  Medivac  
  135  8:44  Marine x3  
  138  8:50  SCV x3  
  138  8:54  Refinery  
  138  8:55  Marine, Supply Depot x2  
  141  8:56  Marine x4  
  141  8:57  Siege Tank  
  141  9:00  Terran Infantry Weapons Level 2  
  149  9:04  Terran Infantry Armor Level 2  
  149  9:06  Marine x4  
  153  9:10  SCV x3  
  153  9:13  Supply Depot  
  153  9:15  Supply Depot  
  156  9:17  Marine  
  156  9:18  Marine x4  
  161  9:25  Marine  
  161  9:26  Marine x2  
  164  9:31  Factory  
  164  9:34  Marine, Sensor Tower  
  164  9:35  Marine x2, Siege Tank  
  170  9:42  Missile Turret  
  170  9:45  Missile Turret  
  170  9:46  Missile Turret  
  170  9:47  Missile Turret, Supply Depot  
  170  9:54  Marine x2  
  172  10:02  Marine x6  
  172  10:04  Medivac x2  
  179  10:07  Siege Tank  
  179  10:11  Planetary Fortress  
  182  10:19  Marine x3  
  182  10:20  Marine  
  161  10:25  Marine  
  161  10:26  Marine x4  
  161  10:27  Drilling Claws, Factory Reactor  
  158  10:31  SCV x2  
  160  10:37  Marine  
  161  10:46  Marine x4  
  161  10:47  Marine  
  161  10:48  Thor  
  169  10:58  SCV x3  
  169  10:59  Missile Turret  
  169  11:04  Medivac, Missile Turret  
  170  11:05  Medivac  
  170  11:08  SCV  
  170  11:10  SCV x2  
  177  11:12  Command Center  
  177  11:19  Bunker  
  177  11:21  Sensor Tower, Missile Turret  
  177  11:23  Terran Infantry Weapons Level 3, Terran Infantry Armor Level 3, Marine x2  
  177  11:25  Widow Mine x2  
  183  11:32  Missile Turret  
  181  11:36  Sensor Tower  
  181  11:42  Thor  
  181  11:43  Terran Vehicle And Ship Armor Level 1  
  187  11:57  Widow Mine x2  
  191  12:03  Factory  
  191  12:09  Barracks  
  191  12:11  Barracks  
  191  12:13  Barracks  
  191  12:15  Refinery  
  188  12:16  Missile Turret  
  188  12:19  Marine  
  188  12:20  Marauder, Marine x5  
  196  12:23  Ghost Academy  
  196  12:25  Refinery, Missile Turret  
  196  12:26  Refinery  
  196  12:27  Widow Mine x2  
  196  12:28  Orbital Command, Missile Turret  
  196  12:29  Missile Turret  
  200  12:32  Command Center  
  200  12:49  Missile Turret  
  190  13:02  Barracks Tech Lab  
  190  13:03  Barracks Tech Lab  
  190  13:04  Widow Mine x3  
  190  13:05  Medivac x2  
  192  13:10  Missile Turret  
  192  13:28  Widow Mine x4  
  200  13:40  Concussive Shells  
  200  13:46  Barracks Tech Lab  
  193  13:56  Marauder x2, Marine  
  198  14:08  Factory Reactor  
  192  14:10  Marauder, Marine x2  
  192  14:11  Marauder  
  159  14:20  Marine x2  
  159  14:21  Marauder x2  
  161  14:24  Marine x4  
  161  14:26  Widow Mine x3, Medivac x2  
  170  14:32  Marauder  
  170  14:36  Command Center, Planetary Fortress  
  170  14:42  Marauder x2  
  170  14:44  Widow Mine x2  
  178  14:46  Sensor Tower  
  178  14:47  Widow Mine  
  178  14:48  Widow Mine, Missile Turret  
  180  14:53  Marauder  
  180  14:55  Marine  
  180  14:56  Marine  
  186  15:00  Widow Mine  
  186  15:03  Marauder x2  
  186  15:06  Widow Mine  
  188  15:15  Marauder  
  190  15:23  Marine x3  
  190  15:25  Marauder x2  
  146  15:36  Marauder, Marine x5  
  146  15:39  Marine  
  146  15:41  Marine  
  152  15:42  Orbital Command  
  152  15:46  Marauder x2  
  152  15:48  Widow Mine x3  
  152  15:49  Widow Mine x2, Marine, Medivac x2  
  170  15:50  Marine  
  170  15:53  Marine  
  170  15:54  Marine x4  
  177  15:57  Marauder  
  177  16:02  Missile Turret  
  177  16:03  Missile Turret  
  180  16:07  Marauder  
  180  16:08  Marauder  
  180  16:14  Barracks Tech Lab  
  180  16:19  Marauder  
  180  16:20  Marine x2  
  180  16:23  Missile Turret  
  179  16:27  Widow Mine x2, Thor  
  179  16:28  Widow Mine x2, Medivac x2  
  179  16:29  Marauder  
  179  16:31  Marine  
  200  16:49  Widow Mine  
  200  16:50  Marauder  
  200  16:54  Marauder, Marine x4  
  159  16:55  Marauder x2, Marine x2  
  159  16:56  Marine x2  
  159  16:57  Widow Mine x3  
  159  16:58  Medivac x2  
  175  17:06  Missile Turret  
  175  17:10  Missile Turret  
  175  17:12  Marauder  
  175  17:14  Marine  
  161  17:16  Marauder x3  
  161  17:18  Widow Mine  
  161  17:21  Planetary Fortress  
  163  17:30  Marine x3  
  163  17:31  Marine  
  163  17:32  Widow Mine x4  
  163  17:33  Marauder  
  177  17:37  Marauder x2  
  177  17:38  Marauder  
  183  17:51  Widow Mine, Marine  
  176  17:52  Marine  
  176  17:53  Widow Mine  
  176  17:54  Marauder  
  176  17:56  SCV x3  
  176  17:57  Marine x2  
  187  17:59  Marauder x3  
  195  18:06  Widow Mine x3  
  195  18:35  Marauder x2, Liberator, Command Center  
  199  18:48  Marauder x2  
  199  19:02  Marine  
  200  19:10  Marine  
  200  19:11  Marauder, Marine x2  
  200  19:12  Marauder  
  200  19:15  Marauder  
  200  19:16  Marauder  
  192  19:31  Widow Mine x3  
  188  19:32  Marauder  
  188  19:33  Marauder  
  188  19:36  Marine x5  
  188  19:37  Widow Mine, Marauder x2  
  188  19:38  Widow Mine  
Tags
 
Add a new tag
Caveats
  • Supply blocks, unpowered buildings, or Contaminate may cause inaccurate times.
  • Supply counts are checked every 10 seconds.